 Dungeon Crawl Stone Soup version 0.23-a0-650-ga4d50d4 (webtiles) character file.

119 Lanoc the Insei (level 5, -3/34 HPs)
             Began as an Octopode Transmuter on Jan 3, 2019.
             Slain by Sigmund
             ... wielding a +0 scythe
              (14 damage)
             ... on level 4 of the Dungeon.
             The game lasted 00:05:03 (2653 turns).

Lanoc the Insei (Octopode Transmuter)               Turns: 2653, Time: 00:05:04

Health: -3/34      AC:  2    Str:  9    XL:     5   Next: 3%
Magic:  5/8        EV: 20    Int: 17    God:
Gold:   128        SH:  0    Dex: 17    Spells: 2/8 levels left

rFire    . . .     SeeInvis .     - Unarmed
rCold    . . .     Gourm    .   (shield currently unavailable)
rNeg     . . .     Faith    .   (helmet currently unavailable)
rPois    .         Spirit   .   (no amulet)
rElec    .         Reflect  .   e - ring of poison resistance
rCorr    .         Harm     .   (no ring)
MR       .....                  (no ring)
Stlth    ++........             (no ring)
HPRegen  0.11/turn              (no ring)
MPRegen  0.11/turn              (no ring)
                                (no ring)
                                (no ring)

@: spider-form (expiring)
A: tiny, almost no armour, stealthy swim, (amphibious), 8 rings, (constrict 8)
a: End Transformation


You were on level 4 of the Dungeon.
You were not hungry.
You were a venomous arachnid creature.
You visited 1 branch of the dungeon, and saw 4 of its levels.

You collected 128 gold pieces.

Inventory:

Missiles
 a - 46 arrows
Jewellery
 e - a ring of poison resistance (left front leg)
Scrolls
 b - 2 scrolls of teleportation {unknown}
 d - 3 scrolls of identify {unknown}
 f - a scroll of enchant armour {unknown}
 g - 3 scrolls of remove curse {unknown}
 j - a scroll of blinking {unknown}
Potions
 h - a potion of haste {unknown}
 i - a potion of might {unknown}
Comestibles
 c - 3 rations


   Skills:
 + Level 1.9 Fighting
 + Level 2.6 Dodging
 * Level 3.8 Unarmed Combat
 + Level 2.4 Spellcasting
 * Level 3.2 Transmutations


You had 2 spell levels left.
You knew the following spells:

 Your Spells              Type           Power        Failure   Level  Hunger
a - Beastly Appendage     Tmut           ##....       14%         1    #......
b - Sticks to Snakes      Tmut           ##......     21%         2    ##.....
c - Spider Form           Tmut/Pois      #.........   50%         3    ###....

Your spell library contained the following spells:

 Spells                   Type           Power        Failure   Level  Hunger
 Ice Form                 Ice/Tmut       #.......     85%         4    #####..
 Blade Hands              Tmut           ##........   92%         5    ######.


Dungeon Overview and Level Annotations

Branches:
Dungeon (4/15)
 Temple: D:4-7

Altars:
Uskayaw
Wu Jian
Yredelemnul

Annotations:
D:4 Sigmund


Innate Abilities, Weirdness & Mutations

You cannot wear most types of armour.
You are very stealthy in the water. (Stealth+)
((You are amphibious.))
You can wear up to eight rings at the same time.
((You can use your tentacles to constrict eight enemies at once.))
((Your skin changes colour to match your surroundings (Stealth+).))
((Your rubbery body absorbs attacks. (AC +1, EV +1)))


Message History

Sigmund barely misses you.
You hit Sigmund.
Sigmund is poisoned.
Sigmund is lightly wounded.
You hit Sigmund.
Sigmund looks even sicker.
Sigmund is moderately wounded.
Sigmund closely misses you.
You hit Sigmund.
Sigmund looks as sick as possible!
Sigmund is moderately wounded.
Sigmund casts a spell at you. The magic dart hits you!
You hit Sigmund.
Sigmund is heavily wounded.
Your transformation is almost over.
Sigmund barely misses you.
You completely miss Sigmund.
Sigmund is heavily wounded.
You hit Sigmund.
Sigmund looks as sick as possible!
Sigmund is severely wounded.
Sigmund hits you with a +0 scythe!
You die...

..... .........# .. #....
......... ..##...##.......#
.......#. #....##
#......###..(..#
###..#..........#
...............## ...##
#####..........#
#...######.....#s.#....#
......#.....#..##@# #..#
#.....#.....##.##.# .#
.........#.....#....S....
#.......#......###.#.##..
#.......#......#...# .#
#................... ....##.s...
#......#<..##)......###....#.....
......##.###........# .......a.S.


You could see Sigmund.

Vanquished Creatures
  5 adders
  2 oozes
  3 worms
  A dart slug (D:1)
  4 leopard geckos
  An orc (D:2)
  5 bats
  3 giant cockroaches
  7 goblins
  A hobgoblin (D:2)
  7 jackals
  A ball python (D:3)
  A ball python skeleton (D:4)
  4 frilled lizards
  3 kobolds
  5 rats
53 creatures vanquished.

Notes
Turn   | Place    | Note
-------+----------+-------------------------------------------
     0 | D:1      | Lanoc the Octopode Transmuter began the quest for the Orb.
     0 | D:1      | Reached XP level 1. HP: 13/13 MP: 3/3
   236 | D:1      | Reached XP level 2. HP: 11/18 MP: 5/5
   793 | D:2      | Found a basalt altar of Yredelemnul.
   802 | D:2      | Reached XP level 3. HP: 23/23 MP: 6/6
   823 | D:2      | Learned a level 2 spell: Sticks to Snakes
   825 | D:2      | Found an ornate altar of the Wu Jian Council.
   826 | D:2      | Found a hide-covered altar of Uskayaw.
  1215 | D:2      | HP: 1/23 [adder (5)]
  1217 | D:2      | Reached XP level 4. HP: 9/28 MP: 5/7
  1825 | D:3      | Learned a level 3 spell: Spider Form
  2054 | D:3      | Noticed a sky beast
  2583 | D:4      | Reached XP level 5. HP: 15/34 MP: 6/8
  2643 | D:4      | Noticed Sigmund
  2653 | D:4      | Slain by Sigmund

Vault maps used:
D:1:      dpeg_arrival_chambers_temple_mockup, minmay_misc_feat_secret_circle
D:2:      yredelemnul_altar_generic, grunt_temple_overflow_open
D:4:      lemuel_old_faithful, uniq_sigmund

Skill      XL: |  1  2  3  4 |
---------------+-------------+-----
Transmutations | 3 |  3.2
Fighting       | |  1.9
Dodging        | |  2.6
Unarmed Combat | |  3.8
Spellcasting   | |  2.4

Action                   |  1- 3 |  4- 6 || total
-------------------------+-------+-------++-------
Melee: Unarmed           |    45 |    66 ||   111
       Kick              |     9 |    13 ||    22
       Constrict         |    11 |    18 ||    29
       Tentacles         |     5 |     9 ||    14
       Punch             |       |     2 ||     2
 Cast: Beastly Appendage |    12 |    16 ||    28
       Spider Form       |       |     1 ||     1
  Use: Potion            |     1 |       ||     1
 Stab: Sleeping          |     4 |     3 ||     7
  Eat: Chunk             |       |     6 ||     6
Armor: Skin              |     2 |     8 ||    10
Dodge: Dodged            |    26 |    53 ||    79

Table legend:
 A = Non-vault XP
 B = Vault XP
 C = Vault XP percentage of total XP
 D = Non-vault monster count
 E = Vault monster count
 F = Vault count percentage of total count
                 A         B        C        D         E       F
            +---------+---------+-------+---------+---------+-------
      Total |     170 |       0 |   0.0 |      53 |       0 |   0.0
            +---------+---------+-------+---------+---------+-------
        D:1 |      22 |       0 |   0.0 |       9 |       0 |   0.0
        D:2 |      80 |       0 |   0.0 |      21 |       0 |   0.0
        D:3 |      21 |       0 |   0.0 |      12 |       0 |   0.0
        D:4 |      47 |       0 |   0.0 |      11 |       0 |   0.0
            +---------+---------+-------+---------+---------+-------
